 Dungeon Crawl Stone Soup version 0.32-a0-607-g64ea0e4219 (webtiles) character file.

Game seed: 5883767818946487339

28 Sobieck the Digger (level 3, 0/26 HPs)
             Began as a Mountain Dwarf Earth Elementalist on Mar 3, 2024.
             Slain by Terence
             ... wielding a +0 mace
              (8 damage)
             ... on level 2 of the Dungeon.
             The game lasted 00:01:32 (1111 turns).

Sobieck the Digger (MDEE)                           Turns: 1111, Time: 00:01:33

Health: 0/26       AC:  2    Str: 16    XL:     3   Next: 0%
Magic:  1/6        EV: 11    Int: 17    God:
Gold:   57         SH:  0    Dex: 10    Spells: 2/6 levels left

rFire   . . .        f - +0 sling
rCold   . . .        (no shield)
rNeg    . . .        a - +0 robe
rPois   .            (no helmet)
rElec   .            (no cloak)
rCorr   .            (no gloves)
SInv    .            (no boots)
Will    .....        (no amulet)
Stlth   ++           i - +6 ring of strength
HPRegen 0.24/turn    (no ring)
MPRegen 0.10/turn

%: no passive effects
@: no status effects
A: runic magic, artefact enchanting
a: no special abilities


You were on level 2 of the Dungeon.
You visited 1 branch of the dungeon, and saw 2 of its levels.

You collected 57 gold pieces.

Inventory:

Hand Weapons
 f - a +0 sling (weapon)
Armour
 a - a +0 robe (worn)
Jewellery
 i - a +6 ring of strength (left hand)
Scrolls
 c - a scroll of acquirement {unknown}
 h - 2 scrolls of butterflies {unknown}
 j - a scroll of torment {unknown}
Potions
 b - a potion of magic
 d - a potion of haste {unknown}
 e - a potion of brilliance {unknown}
 g - a potion of berserk rage {unknown}


   Skills:
 + Level 1.2 Armour
 - Level 1.3 Dodging
 - Level 1.4 Stealth
 + Level 2.1 Spellcasting
 - Level 0.8 Conjurations
 * Level 4.0 Earth Magic


You had 2 spell levels left.
You knew the following spells:

 Your Spells              Type           Power      Damage    Failure   Level
a - Sandblast             Erth           30%        2d9       3%          1
b - Stone Arrow           Conj/Erth      20%        3d8       22%         3

Your spell library contained the following spells:

 Spells                   Type           Power      Damage    Failure   Level
 Passwall                 Erth           15%        N/A       11%         3
 Brom's Barrelling Bould  Conj/Erth      10%        2d3       56%         4
 Petrify                  Alch/Erth      8%         N/A       63%         4


Dungeon Overview and Level Annotations

Branches:
Dungeon (2/15)

Altars:

Shops:
D:1 [

Annotations:
D:2 Terence


Innate Abilities, Weirdness & Mutations

Your spellcasting is much less encumbered by armour.
You can use scrolls of enchantment on lesser artefacts.


Message History

You start memorising the spell.
You continue memorising. x3
You finish memorising.
Spell assigned to 'b'.
Things that are here:
a +0 whip; 3 stones; 6 javelins
Found a stone staircase leading up.
Found an escape hatch in the floor.
Found a stone staircase leading down.
Terence the Incautious comes into view.
He is wielding a +0 mace.
Found a hand axe.
There is an escape hatch in the floor here.
You shoot a sling bullet. The sling bullet hits Terence.
Terence is moderately wounded.
You can't see any susceptible monsters within range! (Use Z to cast anyway.)
You shoot a sling bullet.
The sling bullet completely misses Terence.
The blast of sand hits Terence but does no damage.
Terence is moderately wounded.
The blast of sand hits Terence but does no damage.
Terence is moderately wounded.
The blast of sand hits Terence but does no damage.
Terence is moderately wounded.
Terence hits you with a +0 mace.
Unknown command.
Casting: Sandblast (safe; 3% risk of failure)
Confirm with . or Enter, or press ? or * to list all spells.
Okay, then.
Unknown command.
Casting: Stone Arrow (extremely dangerous; 22% risk of failure)
Confirm with . or Enter, or press ? or * to list all spells.
Aiming: Sandblast (safe; 3% risk of failure)
Press: ? - help, Shift-Dir - straight line, f/p - Terence
Aim: Terence, wielding a +0 mace and wearing a +0 chain mail (moderately wounded, 87% to hit)
The blast of sand hits Terence but does no damage.
Terence is moderately wounded.
Terence hits you with a +0 mace!
* * * LOW HITPOINT WARNING * * *
Terence barely misses you.
Casting: Sandblast (safe; 3% risk of failure)
Confirm with . or Enter, or press ? or * to list all spells.
Aiming: Sandblast (safe; 3% risk of failure)
Press: ? - help, Shift-Dir - straight line, f/p - Terence
Aim: Terence, wielding a +0 mace and wearing a +0 chain mail (moderately wounded, 87% to hit)
The blast of sand hits Terence but does no damage.
Terence is moderately wounded.
Terence hits you with a +0 mace!
* * * LOW HITPOINT WARNING * * *
Unknown command.
Terence attacks as he pursues you! Terence hits you with a +0 mace!
You die...
Terence says, "That felt goooood."

.. #.### #.#..
#.#.##### #.#.##..
#.#.##.# #########
##.#.##.###........
#..................
#.@#.<#.###.#######
#@.####.# #.#
#........# #.#
...######## #.#
....# ..# ).....
### ...>.. ....#
....


You could see Terence.

Vanquished Creatures
  A dart slug (D:1)
  3 bats (D:1)
  3 endoplasms (D:1)
  A giant cockroach (D:1)
  A goblin (D:1)
  A hobgoblin (D:1)
  3 jackals (D:1)
  A kobold (D:2)
  A quokka (D:2)
  9 frilled lizards (D:1)
  A rat (D:1)
25 creatures vanquished.

Notes
Turn   | Place    | Note
-------+----------+-------------------------------------------
     0 | D:1      | Sobieck the Mountain Dwarf Earth Elementalist began the
                  | quest for the Orb.
     0 | D:1      | Reached XP level 1. HP: 14/14 MP: 3/3
   410 | D:1      | Reached XP level 2. HP: 13/20 MP: 1/4
   556 | D:1      | Reached skill level 1 in Armour
   578 | D:1      | Found Noycas's Armour Shop.
   681 | D:1      | Reached skill level 4 in Earth Magic
  1045 | D:2      | Reached XP level 3. HP: 26/26 MP: 4/6
  1049 | D:2      | Learned a level 3 spell: Stone Arrow
  1103 | D:2      | Noticed Terence
  1111 | D:2      | Slain by Terence

Illustrated notes

Levels and vault maps discovered:
D:1:      ldierk_walled_garden, layout_loops_ring, serial_shops,
          nicolae_shop_temple_entry_statues_fountains, minmay_lizard_king
D:2:      layout_basic, ebering_ecumenical_altar_petrified, uniq_terence

Skill      XL: |  1  2 |
---------------+-------+-----
Spellcasting   | 2 |  2.1
Armour         | 1 |  1.2
Earth Magic    | 4 |  4.0
Dodging        | |  1.3
Stealth        | |  1.4
Conjurations   | |  0.8

Action                     || total
---------------------------++-------
   Fire: Sling             ||    39
   Cast: Sandblast         ||    26
 Armour: Robe              ||    24
  Dodge: Dodged            ||    17

Table legend: (Time is in decaauts)
 A = Elapsed time spent in this place.
 B = Non-inter-level travel time spent in this place.
 C = Inter-level travel time spent in this place.
 D = Time resting spent in this place.
 E = Time spent auto-exploring this place.
 F = Levels seen in this place.
 G = Mean time per level.
                   A        B        C        D        E       F      G
               +--------+--------+--------+--------+--------+-----+--------+
         Total |   1139 |   1086 |     53 |     62 |    880 |   2 |  569.5 |
       Dungeon |   1139 |   1086 |     53 |     62 |    880 |   2 |  569.5 |
               +--------+--------+--------+--------+--------+-----+--------+

Top non-repeatable levels by time:
     D:1: 1022 daAuts
     D:2: 116 daAuts
